 Dungeon Crawl Stone Soup version 0.19-a0-1127-gac58878 (webtiles) character file.

3344 Gagarin the Purveyor of Pain (level 9, -10/61 HPs)
             Began as a Demonspawn Necromancer on Aug 12, 2016.
             Was an Initiate of Kikubaaqudgha.
             Killed from afar by a steam dragon (19 damage)
             ... with a ball of steam
             ... on level 8 of the Dungeon.
             The game lasted 00:55:20 (12981 turns).

Gagarin the Purveyor of Pain (DsNe)                Turns: 12981, Time: 00:55:20

Health: -10/61     AC:  6    Str:  9    XL:     9   Next: 72%
Magic:  18/21      EV: 15    Int: 18    God:    Kikubaaqudgha [......]
Gold:   323        SH:  0    Dex: 15    Spells: 6 memorised, 7 levels left

rFire  . . .     SeeInvis .     K - +3 flail (crush)
rCold  + . .     Gourm    .     x - +0 robe (curse)
rNeg   . . .     Faith    .     (no shield)
rPois  .         Spirit   .     D - +0 helmet
rElec  .         Dismiss  .     (no cloak)
rCorr  .         Reflect  .     s - +2 pair of gloves
SustAt .         Harm     .     (no boots)
MR     .....                    (no amulet)
Stlth  ++........               (no ring)
                                (no ring)

@: very slightly contaminated
A: claws 2, cold resistance 1, rot immunity
a: Renounce Religion


You were on level 8 of the Dungeon.
You worshipped Kikubaaqudgha.
Kikubaaqudgha was noncommittal.
You were very hungry.

You visited 2 branches of the dungeon, and saw 9 of its levels.

You collected 323 gold pieces.

Inventory:

Hand Weapons
 z - a +0 blowgun
 H - a +0 vampiric whip
 K - a +3 flail of crushing (weapon)
Missiles
 i - 88 poisoned needles
Armour
 a - a +1 robe
 s - a +2 pair of gloves (worn)
 x - a cursed +0 robe (worn)
 D - a +0 helmet (worn)
Jewellery
 o - a +3 ring of protection {unknown}
 p - a +4 ring of intelligence {unknown}
 v - an uncursed ring of flight {unknown}
Wands
 M - a wand of confusion (28/48)
Scrolls
 d - 5 scrolls of identify
 e - a scroll of fear {unknown}
 g - a scroll of amnesia {unknown}
 h - a scroll of teleportation
 A - 6 scrolls of remove curse {unknown}
 C - 2 scrolls of fog
 E - a scroll of enchant weapon {unknown}
 F - 2 scrolls of magic mapping {unknown}
 I - a scroll of torment {unknown}
 L - 2 scrolls of blinking
Potions
 j - 3 potions of curing
 k - 2 potions of mutation {unknown}
 l - a potion of cure mutation {unknown}
 m - a potion of resistance {unknown}
 q - a potion of agility {unknown}
 r - 3 potions of cancellation
 t - 2 potions of degeneration {unknown}
 u - 3 potions of haste {unknown}
 w - 2 potions of flight {unknown}
 B - 2 potions of invisibility {unknown}
 G - 2 potions of magic {unknown}
Books
 b - a book of Necromancy

   Spells                             Type                      Level
   a - Pain                           Necromancy                   1
   b - Animate Skeleton               Necromancy                   1
   c - Vampiric Draining              Necromancy                   3
   d - Regeneration                   Charms/Necromancy            3
   e - Animate Dead                   Necromancy                   4
   f - Control Undead                 Necromancy                   4
 y - a book of Maledictions

   Spells                             Type                      Level
   a - Corona                         Hexes                        1
   b - Ensorcelled Hibernation        Hexes/Ice                    2
   c - Confuse                        Hexes                        3
   d - Tukima's Dance                 Hexes                        3
   e - Dazzling Spray                 Conjuration/Hexes            3
Comestibles
 c - 8 bread rations
 f - 3 beef jerkies
 n - a slice of pizza
 J - a meat ration


   Skills:
 + Level 2.1 Fighting
 + Level 1.8 Maces & Flails
 + Level 4.9 Dodging
 + Level 3.0 Stealth
 + Level 8.7 Spellcasting
 + Level 0.2 Hexes
 + Level 9.7 Necromancy


You had 7 spell levels left.
You knew the following spells:

 Your Spells              Type           Power        Failure   Level  Hunger
a - Pain                  Necr           ####         1%          1    None
b - Vampiric Draining     Necr           #####.....   1%          3    None
c - Control Undead        Necr           #####.....   1%          4    ###....
d - Animate Dead          Necr           N/A          1%          4    ###....
e - Dazzling Spray        Conj/Hex       #.....       30%         3    None
f - Regeneration          Chrm/Necr      ####......   3%          3    None


Dungeon Overview and Level Annotations

Branches:
Dungeon (8/15)             Temple (1/1) D:6
   Lair: D:8-11

Altars:
Cheibriados
Dithmenos
Elyvilon
Fedhas
Hepliaklqana
Kikubaaqudgha
Makhleb
Nemelex Xobeh
Okawaru
Pakellas
Qazlal
Ru
Sif Muna
Trog
Uskayaw
Vehumet
Xom
Yredelemnul
Zin
The Shining One


Innate Abilities, Weirdness & Mutations

You have very sharp fingernails.
Your flesh is cold resistant. (rC+)
You are immune to rotting.


Message History

Something hits you.
* * * LOW HITPOINT WARNING * * *
As you read the scroll of teleportation, it crumbles to dust.
You feel strangely unstable. Something hits you.
* * * LOW HITPOINT WARNING * * *
Something hits you.
* * * LOW HITPOINT WARNING * * *
Something hits you.
* * * LOW HITPOINT WARNING * * *
Your surroundings suddenly seem different.
You start resting.
A quokka skeleton is nearby!
You start resting.
You are feeling very hungry.
You start resting.
The steam dragon hisses angrily.
The steam dragon breathes steam at you. The ball of steam hits you!
You die...
Kikubaaqudgha rasps: "You have failed me!
Welcome... death!"

.....###...#
##.....##...## ###..#
#...# #....###..## #...#
#...## ##..###..## #...
#....##..DZ.#...# ...#.
#.......§......##
#..#......§.......#####
##.......§..............
#.......§...............
.......@.............###
....#................###
... #..................#
##...........##.....
#............###...
#.......###........
##....### ##.......
...### #....... #..#####


You could see a quokka skeleton (wandering).

Vanquished Creatures
  A two-headed ogre (D:7)
  Eustachio (D:6)
  Duvessa (D:7)
  3 ice beasts (D:5)
  4 ogres
  2 necrophages
  3 centaurs
  4 giant frogs
  Dowan (D:7)
  2 scorpions
  5 howler monkeys
  A crimson imp (D:8)
  A jelly (D:3)
  2 orc priests
  A centaur skeleton (D:8)
  A giant frog skeleton (D:5)
  4 hounds
  A gnoll shaman (D:6)
  2 iguanas (D:4)
  7 worker ants
  7 orc wizards
  A hound skeleton (D:5)
  A howler monkey zombie (D:7)
  7 adders
  15 gnolls
  A shadow imp (D:5)
  An ooze (D:3)
  4 worms
  4 giant geckos
  29 orcs
  A ball python (D:3)
  8 giant cockroaches
  10 goblins
  6 hobgoblins
  A quokka (D:3)
  4 bats
  A giant cockroach zombie (D:5)
  2 giant gecko zombies (D:5)
  7 giant newts
  6 kobolds
  A quokka skeleton (D:4)
  A quokka zombie (D:7)
  11 rats (D:1)
176 creatures vanquished.

Vanquished Creatures (collateral kills)
  A black bear (D:6)
  A giant frog (D:7)
  A gnoll sergeant (D:5)
  A wyvern zombie (D:7)
  A howler monkey (D:7)
  2 gnolls
  An adder (D:5)
8 creatures vanquished.

Vanquished Creatures (others)
  A yak (D:4)
  An orc (D:3)
2 creatures vanquished.

Grand Total: 186 creatures vanquished

Notes
Turn   | Place    | Note
-------+----------+-------------------------------------------
     0 | D:1      | Gagarin the Demonspawn Necromancer began the quest for the Orb.
     0 | D:1      | Reached XP level 1. HP: 13/13 MP: 3/3
   464 | D:1      | Gained mutation: You are immune to rotting. [demonic ancestry]
   464 | D:1      | Reached XP level 2. HP: 19/19 MP: 3/5
  1702 | D:1      | Gained mutation: You have sharp fingernails. [demonic ancestry]
  1702 | D:1      | Reached XP level 3. HP: 23/24 MP: 3/6
  1793 | D:1      | Found a sparkling altar of Nemelex Xobeh.
  2037 | D:1      | Learned a level 3 spell: Vampiric Draining
  3174 | D:2      | You fall through a shaft for 2 floors!
  3209 | D:4      | Reached skill level 5 in Necromancy
  3314 | D:3      | Found a shadowy altar of Dithmenos.
  3321 | D:2      | Reached XP level 4. HP: 16/31 MP: 0/8
  4836 | D:3      | Gained mutation: You have very sharp fingernails. [demonic ancestry]
  4836 | D:3      | Reached XP level 5. HP: 33/36 MP: 4/10
  5809 | D:4      | Reached XP level 6. HP: 35/42 MP: 7/12
  5853 | D:4      | Reached skill level 6 in Necromancy
  5876 | D:4      | Found an oddly glowing altar of Pakellas.
  5879 | D:4      | Noticed a yak
  5882 | D:4      | Killed a yak
  5882 | D:4      | Noticed a green very ugly thing
  6287 | D:3      | Reached XP level 7. HP: 24/47 MP: 9/14
  6458 | D:3      | Reached skill level 5 in Spellcasting
  6492 | D:4      | Found a sparkling altar of Nemelex Xobeh.
  6571 | D:4      | Learned a level 4 spell: Control Undead
  6693 | D:4      | Learned a level 4 spell: Animate Dead
  6829 | D:5      | Entered Level 5 of the Dungeon
  7007 | D:5      | Reached skill level 7 in Necromancy
  7581 | D:5      | Reached skill level 1 in Fighting
  7696 | D:5      | Reached XP level 8. HP: 17/54 MP: 4/17
  8050 | D:5      | Found a hazy altar of Hepliaklqana.
  8556 | D:6      | Reached skill level 8 in Necromancy
  8620 | D:6      | Found a shimmering altar of Xom.
  8620 | D:6      | Found a sacrificial altar of Ru.
  8623 | D:6      | Found an iron altar of Okawaru.
  8662 | D:6      | Noticed Eustachio
  8873 | D:6      | Killed Eustachio
  8896 | D:6      | Found a staircase to the Ecumenical Temple.
  8930 | D:6      | HP: 1/54 [phantom (6)]
  9229 | Temple   | Entered the Ecumenical Temple
  9327 | Temple   | Became a worshipper of Kikubaaqudgha
  9855 | D:6      | Found a sparkling altar of Nemelex Xobeh.
 10804 | D:5      | Gained mutation: Your flesh is cold resistant. (rC+) [demonic ancestry]
 10804 | D:5      | Reached XP level 9. HP: 55/61 MP: 7/20
 10809 | D:5      | Learned a level 3 spell: Dazzling Spray
 10923 | D:5      | HP: 3/61 [phantom (3)]
 11270 | D:6      | Found a basalt altar of Yredelemnul.
 11590 | D:7      | Reached skill level 1 in Maces & Flails
 11780 | D:7      | Reached skill level 9 in Necromancy
 11961 | D:7      | Noticed Duvessa
 11962 | D:7      | Noticed Dowan
 11977 | D:7      | Killed Duvessa
 12269 | D:7      | Killed Dowan
 12762 | D:8      | Learned a level 3 spell: Regeneration
 12939 | D:8      | Noticed a hill giant
 12952 | D:8      | HP: 3/61 [something (6)]
 12981 | D:8      | Killed from afar by a steam dragon

Vault maps used:
D:1:      dpeg_arrival_water_altar
D:3:      grunt_dithmenos_smoke, minmay_goblin_outpost
D:4:      kennysheep_mini, gammafunk_pakellas_its_alive
D:5:      kennysheep_little_box, first_bread
D:6:      gammafunk_temple_overflow_forgotten, lemuel_coloured_pillars_altar,
          nemelex_lonely_heart_becter, uniq_eustachio
D:7:      uniq_duvessa
D:8:      minmay_cut_squares, nicolae_overflow_crystal_walls, the_bakery,
          eino_tiny_chamber, grunt_gozag_breadcrumbs, uniq_pikel, uniq_grum
Temple:   nicolae_temple_figure_eight

Skill      XL: |  1  2  3  4  5  6  7  8  9 |
---------------+----------------------------+-----
Dodging        | 2 3 4 |  4.9
Stealth        | 2 3 |  3.0
Spellcasting   | 3 4 6 7 8 |  8.7
Necromancy     | 5 6 7 8 9 |  9.7
Fighting       | 1 2 |  2.1
Maces & Flails | 1 |  1.8
Hexes          | |  0.2

Action                   |  1- 3 |  4- 6 |  7- 9 || total
-------------------------+-------+-------+-------++-------
Melee: Unarmed           |     8 |       |       ||     8
       Whip              |    83 |    23 |   376 ||   482
       Flail             |       |       |    61 ||    61
 Cast: Pain              |    86 |   124 |   191 ||   401
       Vampiric Draining |     3 |     4 |    37 ||    44
       Animate Dead      |       |       |    14 ||    14
       Control Undead    |       |       |     8 ||     8
       Dazzling Spray    |       |       |     3 ||     3
  Use: Scroll            |     8 |       |     3 ||    11
       Potion            |     4 |     1 |     1 ||     6
 Stab: Sleeping          |     1 |     1 |     1 ||     3
  Eat: Chunk             |     7 |     7 |    20 ||    34
       Bread ration      |       |     1 |       ||     1
       Meat ration       |       |       |     1 ||     1
       Royal jelly       |       |       |     1 ||     1
       Beef jerky        |       |       |     1 ||     1
Armor: Robe              |    37 |    14 |   161 ||   212
Dodge: Dodged            |   106 |    44 |   443 ||   593
